Map: Lost and Found LE

Players

Dark

  • Race: Zerg Zerg
  • Spawn Location: 1:00

Serral - Winner!

  • Race: Zerg Zerg
  • Spawn Location: 7:00

Event: 2018 WCS Global Finals

VOD

Have the link to the VOD?

Description

Time

  • Played on: Nov. 2, 2018, 8:13 p.m.
  • Length: 13:36

All games in this series

Show
View Real Time Build Order
Export as new Build Order

Dark Zerg 

Build Orders: 3 Hatch before Pool 

Get SALT Encoding   

  12  0:00  Drone  
  13  0:12  Overlord  
  13  0:17  Drone  
  14  0:30  Drone x2  
  16  0:47  Hatchery  
  15  0:50  Drone  
  15  0:54  Drone  
  17  1:15  Hatchery  
  17  1:18  Drone  
  17  1:20  Drone  
  18  1:32  Extractor  
  17  1:34  Spawning Pool  
  17  1:37  Drone  
  17  1:41  Drone  
  17  1:46  Drone  
  19  1:56  Drone  
  20  2:03  Drone x2  
  22  2:11  Drone  
  22  2:12  Drone  
  24  2:21  Queen x2  
  28  2:27  Queen  
  30  2:32  Metabolic Boost  
  30  2:36  Drone  
  31  2:39  Overlord  
  31  2:42  Drone  
  32  2:45  Drone  
  33  2:51  Baneling Nest  
  33  2:52  Zergling x2  
  33  2:55  Drone  
  33  2:58  Drone  
  35  3:00  Drone x2  
  35  3:05  Overlord  
  37  3:08  Drone  
  37  3:10  Drone  
  39  3:13  Zergling x2  
  39  3:15  Zergling x2  
  41  3:21  Zergling x2  
  41  3:24  Zergling x2  
  41  3:25  Drone x2  
  45  3:28  Overlord  
  45  3:30  Overlord  
  45  3:31  Drone  
  45  3:45  Baneling x2  
  45  3:46  Drone  
  45  3:47  Drone x3  
  50  3:48  Drone x3  
  50  3:54  Drone  
  53  3:56  Drone  
  53  3:58  Baneling  
  53  3:59  Baneling  
  53  4:00  Drone  
  55  4:04  Overlord  
  55  4:07  Drone x2, Zergling x4  
  55  4:08  Drone x2  
  55  4:09  Drone x2  
  63  4:12  Extractor x2  
  63  4:16  Drone  
  62  4:18  Zergling x4  
  63  4:24  Drone x2  
  63  4:26  Baneling x2  
  63  4:27  Lair  
  65  4:32  Evolution Chamber, Roach Warren  
  65  4:33  Zergling x4  
  65  4:34  Drone x2  
  65  4:38  Drone  
  68  4:39  Baneling  
  68  4:44  Drone x5  
  68  4:45  Extractor  
  72  4:47  Drone  
  72  4:48  Drone  
  72  4:50  Drone  
  73  4:57  Overlord  
  73  5:00  Overlord  
  73  5:02  Overlord  
  73  5:06  Zerg Missile Weapons Level 1  
  73  5:10  Extractor x2, Overlord  
  73  5:12  Drone x2  
  73  5:14  Overlord  
  73  5:15  Baneling x3  
  73  5:17  Drone x3  
  73  5:19  Drone x3  
  79  5:25  Drone  
  80  5:30  Drone  
  81  5:39  Drone x2  
  83  5:44  Spire, Glial Reconstitution  
  83  5:45  Overlord  
  83  5:46  Roach x4  
  90  5:50  Overlord  
  90  5:51  Overseer  
  90  5:52  Hatchery  
  90  5:55  Roach x2  
  90  5:56  Roach x3  
  98  5:59  Roach  
  98  6:00  Roach  
  101  6:04  Overlord x2  
  101  6:10  Roach  
  101  6:11  Overlord  
  103  6:14  Roach  
  105  6:20  Overlord x2  
  105  6:23  Roach x2  
  109  6:27  Drone x4  
  109  6:28  Drone x3  
  116  6:37  Overlord  
  116  6:38  Overlord  
  116  6:42  Overlord  
  116  6:46  Roach x4  
  124  6:51  Extractor  
  123  6:54  Extractor  
  123  6:55  Spore Crawler  
  123  6:56  Spore Crawler, Corruptor x3  
  123  6:57  Spore Crawler, Corruptor  
  123  6:59  Corruptor  
  129  7:03  Corruptor  
  129  7:05  Zerg Missile Weapons Level 2  
  131  7:09  Corruptor  
  131  7:12  Corruptor  
  135  7:17  Spore Crawler  
  135  7:21  Corruptor x2  
  136  7:26  Corruptor  
  138  7:31  Corruptor  
  133  7:38  Corruptor x2  
  133  7:43  Drone x3  
  136  7:45  Drone x2  
  136  7:47  Baneling x4  
  136  7:50  Overlord  
  138  7:55  Zerg Flyer Weapons Level 1, Roach  
  138  7:56  Roach x3  
  138  7:58  Baneling  
  146  8:00  Baneling x2  
  146  8:05  Roach x5  
  156  8:09  Roach x2  
  158  8:15  Corruptor x2  
  160  8:31  Corruptor x3  
  160  8:32  Drone  
  160  8:33  Drone x4  
  164  8:39  Drone x2  
  166  8:45  Corruptor x2  
  166  8:47  Overlord  
  167  9:00  Roach x5  
  174  9:05  Roach  
  174  9:06  Roach x4  
  172  9:13  Roach  
  172  9:14  Roach x2  
  178  9:23  Roach  
  162  9:31  Roach x2  
  162  9:33  Roach  
  162  9:37  Roach x3  
  162  9:38  Roach x4  
  174  9:42  Roach  
  174  9:44  Overlord  
  178  9:51  Roach  
  175  9:59  Roach x3  
  164  10:08  Roach  
  164  10:13  Roach  
  154  10:21  Roach x2  
  106  10:55  Corruptor x5  
  112  11:03  Corruptor x2  
  96  11:14  Corruptor x2  
  96  11:23  Corruptor x2  
  84  11:28  Roach x2  
  84  11:30  Roach  
  90  11:34  Roach  
  90  11:35  Roach  
  94  11:41  Roach x3  
  90  11:55  Corruptor x2  
  90  11:56  Spore Crawler  
  83  12:03  Roach  
  83  12:05  Roach  
  83  12:06  Roach  
  83  12:07  Roach x2  
  81  12:11  Roach  
  81  12:13  Roach  
  76  12:17  Roach  
  76  12:19  Roach  
  79  12:23  Roach  
  79  12:35  Roach x3  
  79  12:36  Roach  
  85  12:41  Roach  
  85  12:43  Roach  
  83  12:45  Roach  
  83  12:48  Roach  
  87  12:52  Roach  
  87  12:56  Roach  
  91  12:59  Roach  
  91  13:03  Roach  
  83  13:21  Drone x6  
Show
View Real Time Build Order
Export as new Build Order

Serral Zerg - Winner!

Build Orders: Hatch First 

Get SALT Encoding   

  12  0:00  Drone  
  13  0:12  Overlord  
  13  0:16  Drone  
  14  0:30  Drone x2  
  16  0:47  Hatchery  
  15  0:50  Drone  
  15  0:54  Drone  
  17  0:57  Drone  
  18  1:07  Extractor  
  17  1:12  Spawning Pool  
  17  1:15  Drone  
  17  1:18  Drone  
  18  1:27  Drone  
  19  1:38  Drone  
  20  1:48  Overlord  
  20  1:59  Queen x2  
  20  2:00  Drone x2  
  26  2:08  Metabolic Boost  
  26  2:11  Drone  
  26  2:12  Drone  
  28  2:21  Drone  
  28  2:22  Drone  
  30  2:32  Hatchery  
  30  2:35  Drone x2  
  31  2:42  Drone  
  32  2:44  Overlord  
  32  2:48  Baneling Nest  
  31  2:53  Zergling x4  
  33  3:06  Drone x5  
  33  3:10  Overlord  
  33  3:11  Zergling x4  
  40  3:15  Zergling x2  
  40  3:18  Drone  
  42  3:24  Queen  
  44  3:27  Overlord  
  44  3:30  Zergling x2  
  45  3:34  Baneling  
  45  3:35  Evolution Chamber  
  45  3:37  Drone x3  
  45  3:39  Drone  
  45  3:40  Drone  
  49  3:42  Drone  
  49  3:45  Drone  
  50  3:51  Drone x3  
  50  3:54  Zergling x2  
  54  3:58  Overlord  
  54  3:59  Drone  
  54  4:01  Drone  
  55  4:04  Lair  
  55  4:07  Drone  
  56  4:10  Zergling x2  
  56  4:13  Drone  
  56  4:14  Zerg Melee Weapons Level 1  
  56  4:15  Drone x3  
  61  4:18  Zergling x4  
  61  4:19  Drone  
  61  4:21  Drone  
  65  4:27  Extractor  
  65  4:28  Extractor  
  63  4:32  Overlord  
  63  4:33  Drone x2  
  63  4:35  Drone, Roach Warren  
  64  4:39  Drone x2  
  64  4:43  Drone x3  
  69  4:47  Drone x2  
  69  4:50  Drone  
  71  4:55  Drone  
  71  4:58  Drone x2  
  74  5:01  Overlord  
  74  5:02  Extractor x3  
  74  5:06  Zergling x6  
  74  5:09  Spire, Overlord  
  74  5:13  Drone x6  
  79  5:20  Drone x2  
  79  5:21  Overseer  
  81  5:24  Baneling x2  
  81  5:29  Drone  
  81  5:30  Drone  
  81  5:32  Zergling x4  
  81  5:33  Zergling x2  
  86  5:40  Baneling x2  
  86  5:42  Zergling x12  
  91  5:49  Overlord  
  91  5:51  Overlord  
  91  5:54  Hatchery  
  91  5:55  Overlord  
  85  6:07  Zergling x2  
  85  6:08  Zergling x18  
  95  6:11  Overlord  
  95  6:12  Unknown  
  95  6:22  Baneling x2  
  95  6:23  Mutalisk x5  
  95  6:25  Zerg Flyer Weapons Level 1  
  104  6:27  Mutalisk  
  104  6:28  Mutalisk  
  104  6:32  Mutalisk  
  110  6:36  Mutalisk  
  112  6:43  Mutalisk  
  112  6:44  Drone x5  
  118  6:47  Hatchery  
  118  6:48  Extractor  
  118  6:49  Mutalisk  
  118  6:52  Overlord  
  118  6:56  Extractor, Zerg Melee Weapons Level 2  
  118  6:59  Drone x4  
  118  7:00  Overlord x2  
  118  7:01  Overlord x2  
  121  7:12  Mutalisk  
  121  7:13  Mutalisk  
  124  7:21  Mutalisk x2  
  128  7:24  Drone x3  
  131  7:33  Mutalisk x2  
  131  7:35  Overlord  
  132  7:39  Mutalisk  
  132  7:42  Overlord x2  
  132  7:43  Zergling x16  
  140  7:46  Baneling x8  
  140  7:50  Spine Crawler x2  
  138  7:52  Queen  
  138  7:55  Mutalisk x2  
  144  7:58  Overseer  
  144  8:07  Mutalisk  
  144  8:08  Mutalisk  
  144  8:10  Zergling x24  
  144  8:11  Zergling x2  
  161  8:18  Overlord  
  161  8:22  Mutalisk x3  
  165  8:31  Mutalisk x2  
  166  8:34  Overlord  
  166  8:35  Overlord  
  166  8:36  Mutalisk  
  166  8:38  Zergling x10  
  173  8:50  Zergling x16  
  176  9:02  Mutalisk x4  
  165  9:04  Zergling x18  
  165  9:05  Zergling x4  
  165  9:09  Zergling x4  
  167  9:23  Mutalisk x4  
  165  9:26  Zergling x12  
  161  9:33  Mutalisk x3  
  154  9:47  Mutalisk x3  
  154  9:49  Zergling x28  
  172  9:53  Overlord  
  172  9:57  Mutalisk x2  
  160  10:02  Mutalisk x2  
  123  10:20  Mutalisk x3  
  122  10:23  Zergling x16  
  122  10:26  Zergling x2  
  115  10:29  Mutalisk  
  115  10:32  Mutalisk  
  115  10:33  Mutalisk  
  120  10:36  Zergling x2  
  120  10:41  Zergling x2  
  109  10:43  Zergling x2  
  107  10:50  Mutalisk  
  104  11:01  Zergling x10  
  106  11:06  Queen x2  
  106  11:07  Queen  
  104  11:12  Zergling x4  
  104  11:13  Zergling x4  
  104  11:17  Mutalisk x2  
  105  11:26  Mutalisk  
  105  11:29  Drone x2  
  109  11:33  Extractor  
  109  11:34  Extractor  
  109  11:36  Drone  
  109  11:37  Hatchery  
  107  11:40  Drone x2  
  94  12:03  Mutalisk x4  
  94  12:08  Drone x3  
  100  12:19  Mutalisk x2  
  104  12:25  Drone  
  103  12:34  Mutalisk  
  103  12:35  Mutalisk  
  103  12:37  Zergling x6  
  106  12:41  Zergling x12  
  108  12:46  Mutalisk  
  108  12:47  Mutalisk  
  109  13:02  Mutalisk x3  
  110  13:05  Zergling x6  
  110  13:06  Zergling x2  
  110  13:12  Mutalisk  
  111  13:13  Zergling x2  
  111  13:14  Zergling x2  
  111  13:16  Zergling x2  
Tags
 
Add a new tag
Caveats
  • Supply blocks, unpowered buildings, or Contaminate may cause inaccurate times.
  • Supply counts are checked every 10 seconds.